 Dungeon Crawl Stone Soup version 0.30.0-18-gc0e69614cb (webtiles) character file.

Game seed: 11036611237441601163

21 ChrisAssaf the Firebug (level 2, 0/20 HPs)
             Began as a Gnoll Fire Elementalist on May 25, 2023.
             Slain by Eustachio
             ... wielding a +0 rapier
              (2 damage)
             ... on level 4 of the Dungeon.
             The game lasted 00:03:27 (1321 turns).

ChrisAssaf the Firebug (Gnoll Fire Elementalist)    Turns: 1321, Time: 00:03:27

Health: 0/20       AC:  5    Str:  5 (7)  XL:     2   Next: 87%
Magic:  6/7        EV:  9    Int: 13 (14) God:
Gold:   164        SH:  0    Dex: 10 (12) Spells: 7/10 levels left

rFire   + . .        k - +0 long sword
rCold   + . .        (no shield)
rNeg    + + .        j - +0 ring mail "Zaclop" {rF+ rC+ rN++ Regen+}
rPois   .            (no helmet)
rElec   .            (no cloak)
rCorr   .            (no gloves)
SInv    .            (no boots)
Will    .....        n - amulet of magic regeneration
Stlth   ++           (no ring)
HPRegen 1.03/turn    (no ring)
MPRegen 0.50/turn

%: no passive effects
@: hasted, very quick
A: fangs 1, strong nose, distributed training
a: no special abilities


You were on level 4 of the Dungeon.
You visited 1 branch of the dungeon, and saw 4 of its levels.

You collected 164 gold pieces.

Inventory:

Hand Weapons
 k - a +0 long sword (weapon)
Missiles
 d - 4 curare-tipped darts (quivered)
Armour
 a - a +0 robe
 j - the +0 ring mail "Zaclop" (worn) {rF+ rC+ rN++ Regen+}
   (You found it on level 3 of the Dungeon)

   rF:        It protects you from fire.
   rC:        It protects you from cold.
   rN:        It greatly protects you from negative energy.
   Regen:     It increases your rate of health regeneration.
Jewellery
 n - an amulet of magic regeneration (around neck)
Wands
 r - a wand of iceblast (1)
Scrolls
 f - a scroll of immolation {unknown}
 g - a scroll of acquirement {unknown}
 h - a scroll of blinking {unknown}
 i - a scroll of brand weapon {unknown}
 m - a scroll of amnesia
 q - a scroll of identify {unknown}
Potions
 b - a potion of magic
 e - a potion of lignification {unknown}
 l - a potion of ambrosia {unknown}
 o - a potion of curing {unknown}
 p - 2 potions of degeneration


   Skills:
 + Level 0.5 Fighting
 + Level 0.5 Short Blades
 + Level 0.5 Long Blades
 + Level 0.5 Axes
 + Level 0.5 Maces & Flails
 + Level 0.5 Polearms
 + Level 0.5 Staves
 + Level 0.5 Ranged Weapons
 + Level 0.5 Throwing
 + Level 0.5 Armour
 + Level 4.5 Dodging
 + Level 4.1 Stealth
 + Level 0.5 Shields
 + Level 0.5 Unarmed Combat
 + Level 4.9 Spellcasting
 + Level 2.0 Conjurations
 + Level 0.4 Hexes
 + Level 0.4 Summonings
 + Level 0.4 Necromancy
 + Level 0.4 Translocations
 + Level 0.4 Transmutations
 + Level 5.4 Fire Magic
 + Level 0.4 Ice Magic
 + Level 0.4 Air Magic
 + Level 0.4 Earth Magic
 + Level 0.4 Poison Magic
 + Level 0.7 Invocations
 + Level 0.5 Evocations


You had 7 spell levels left.
You knew the following spells:

 Your Spells              Type           Power      Damage    Failure   Level
a - Foxfire               Conj/Fire      48%        2x1d6     19%         1
b - Scorch                Fire           34%        2d6       14%         2

Your spell library contained the following spells:

 Spells                   Type           Power      Damage    Failure   Level
 Inner Flame              Hex/Fire       10%        N/A       63%         3
 Volatile Blastmotes      Fire/Tloc      20%        2d11      63%         3
 Flame Wave               Conj/Fire      12%        2d6       88%         4


Dungeon Overview and Level Annotations

Branches:
Dungeon (4/15)
 Temple: D:4-7

Altars:

Annotations:
D:4 Eustachio


Innate Abilities, Weirdness & Mutations

You have very sharp teeth.
Your uncanny sense of smell can sniff out nearby items.
Your experience applies equally to all skills.


Message History

Flames lash the kobold.
You kill the kobold!
Throw: 6 darts (curare)
Press: ? - help, Q - select action, (/) - cycle Shift-Dir - straight line, f - Eustachio
Aim: Eustachio, wielding a +0 rapier and wearing a +0 leather armour (43% to hit)
You throw a curare-tipped dart.
The curare-tipped dart closely misses Eustachio.
Eustachio mumbles some strange words.
Eustachio blinks!
Throw: 5 darts (curare)
Press: ? - help, Q - select action, (/) - cycle Shift-Dir - straight line, f/p - Eustachio
Aim: Eustachio, wielding a +0 rapier and wearing a +0 leather armour (43% to hit)
You throw a curare-tipped dart.
The curare-tipped dart barely misses Eustachio.
You hit Eustachio. You punch Eustachio, but do no damage.
Eustachio is lightly wounded.
Eustachio hits you with a +0 rapier. x2
You barely miss Eustachio.
Eustachio is lightly wounded.
Eustachio casts a spell.
Unknown command.
Casting: Scorch (safe; 10% risk of failure)
Confirm with . or Enter, or press ? or * to list all spells.
Flames lash the crimson imp.
The crimson imp completely resists.
Eustachio hits you with a +0 rapier. The white imp hits you.
* * * LOW HITPOINT WARNING * * *
The white imp freezes you. You resist.
* * * LOW HITPOINT WARNING * * *
It was a potion of degeneration.
There was something very wrong with that liquid.
You feel weakened.
You feel dopey.
You feel clumsy.
Eustachio gestures wildly while chanting.
The crimson imp blinks!
The white imp gestures at you. The puff of frost hits you. You resist.
* * * LOW HITPOINT WARNING * * *
The white imp hits you but does no damage.
It was a potion of haste.
You feel yourself speed up. Eustachio hits you with a +0 rapier.
You die...

##. ........(.... #.
.##............
.............#
........$....#
........... ..rr.†.
#####r5.# ∆
#.####....5@@#
##....#.....§.#
###.............#
................#
..............5##
...............#
.......†.......###...
..........†..........
...............>.....


You could see Eustachio, a crimson imp (summoned), 2 white imps, a quokka
(summoned) and 2 rats.

Vanquished Creatures
  A bat (D:3)
  4 endoplasms
  2 giant cockroaches
  6 hobgoblins
  2 frilled lizards
  A kobold (D:4)
  2 rats (D:1)
18 creatures vanquished.

Vanquished Creatures (others)
  15 foxfires
15 creatures vanquished.

Grand Total: 33 creatures vanquished

Notes
Turn   | Place    | Note
-------+----------+-------------------------------------------
     0 | D:1      | ChrisAssaf the Gnoll Fire Elementalist began the quest for
                  | the Orb.
     0 | D:1      | Reached XP level 1. HP: 13/13 MP: 6/6
   323 | D:1      | You fall into a shaft and drop 1 floor!
   581 | D:2      | Reached XP level 2. HP: 19/19 MP: 4/7
   584 | D:2      | Learned a level 2 spell: Scorch
   655 | D:3      | Identified the +0 ring mail "Zaclop" {rF+ rC+ rN++ Regen+}
  1209 | D:4      | Noticed Eustachio
  1319 | D:4      | Noticed a crimson imp
  1320 | D:4      | HP: 1/20 [white imp/puff of frost[Eustachio] (3)]
  1321 | D:4      | Slain by Eustachio

Illustrated notes

Levels and vault maps discovered:
D:1:      amcnicky_arrival_underground_garden, layout_basic, serial_rivers,
          chequers_serial_rivers_room_b, chequers_serial_rivers_room_a,
          chequers_serial_rivers_micro_b, chequers_serial_rivers_micro_d,
          chequers_serial_rivers_small_a, dk_noncrumbling_3
D:2:      layout_loops_corners, serial_glass, glass_columns_b, glass_columns_a,
          basic_altar, minmay_distorted
D:3:      layout_rooms, minmay_goblin_kobold_house
D:4:      layout_basic, mainiacjoe_overflow_alcove_1, uniq_eustachio

Skill      XL: |  1 |
---------------+----+-----
Conjurations   | 2 |  2.0
Fighting       | |  0.5
Short Blades   | |  0.5
Long Blades    | |  0.5
Axes           | |  0.5
Maces & Flails | |  0.5
Polearms       | |  0.5
Staves         | |  0.5
Ranged Weapons | |  0.5
Throwing       | |  0.5
Armour         | |  0.5
Dodging        | |  4.5
Stealth        | |  4.1
Shields        | |  0.5
Unarmed Combat | |  0.5
Spellcasting   | |  4.9
Hexes          | |  0.4
Summonings     | |  0.4
Necromancy     | |  0.4
Translocations | |  0.4
Transmutations | |  0.4
Fire Magic     | |  5.4
Ice Magic      | |  0.4
Air Magic      | |  0.4
Earth Magic    | |  0.4
Poison Magic   | |  0.4
Invocations    | |  0.7
Evocations     | |  0.5

Action                     || total
---------------------------++-------
  Melee: Long sword        ||     8
         Punch             ||     1
         Bite              ||     1
  Throw: Dart              ||     3
   Cast: Foxfire           ||     9
         Scorch            ||    13
    Use: Potion            ||     2
         Scroll            ||     1
 Armour: Ring mail         ||     6
         Robe              ||     1
  Dodge: Dodged            ||     7
